 Dungeon Crawl Stone Soup version 0.23.2-1-ga50397a6bc (webtiles) character file.

Game seed: 6721898322533899167

182 Banto the Chiller (level 5, -1/41 HPs)
             Began as a Demigod Wanderer on Apr 29, 2019.
             Slain by an ogre
             ... wielding a +0 giant spiked club
              (19 damage)
             ... on level 4 of the Dungeon.
             The game lasted 00:05:15 (3929 turns).

Banto the Chiller (Demigod Wanderer)                Turns: 3929, Time: 00:05:15

Health: -1/41      AC:  7    Str: 13    XL:     5   Next: 12%
Magic:  9/9        EV: 13    Int: 19    God:
Gold:   148        SH:  0    Dex: 16    Spells: 2/6 levels left

rFire    . . .     SeeInvis .   d - +1 rapier (venom)
rCold    . . .     Gourm    .   (no shield)
rNeg     . . .     Faith    .   h - +0 leather armour
rPois    .         Spirit   .   (no helmet)
rElec    .         Reflect  .   v - +0 cloak
rCorr    .         Harm     .   m - +1 pair of gloves
MR       .....                  p - +0 pair of boots
Stlth    +.........             j - amulet of the acrobat
HPRegen  0.13/turn              i - ring of attention (curse)
MPRegen  0.11/turn              (no ring)

@: very slightly contaminated
A: high mp 1
a: no special abilities


You were on level 4 of the Dungeon.
You were not hungry.

You visited 1 branch of the dungeon, and saw 4 of its levels.

You collected 148 gold pieces.

Inventory:

Hand Weapons
 d - a +1 rapier of venom (weapon)
Armour
 h - a +0 leather armour (worn)
 m - a +1 pair of gloves (worn)
 p - a +0 pair of boots (worn)
 v - a +0 cloak (worn)
Jewellery
 i - a cursed ring of attention (left hand)
 j - an amulet of the acrobat (around neck)
Wands
 t - a wand of polymorph (10)
Scrolls
 b - 2 scrolls of identify
 l - 3 scrolls of teleportation
 n - a scroll of immolation
Potions
 a - a potion of flight {unknown}
 c - a potion of lignification
 e - 3 potions of cancellation
 g - a potion of mutation
 o - a potion of magic {unknown}
 q - a potion of curing {unknown}
Comestibles
 f - 9 rations
 x - 7 chunks of flesh


   Skills:
 - Level 1.7 Fighting
   Level 2.6 Crossbows
 - Level 1.0 Throwing
 + Level 3.1 Dodging
 - Level 1.0 Stealth
 - Level 1.0 Spellcasting
 + Level 3.8 Ice Magic


You had 2 spell levels left.
You knew the following spells:

 Your Spells              Type           Power        Failure   Level  Hunger
a - Freeze                Ice            ###.         4%          1    ##.....
b - Ozocubu's Armour      Chrm/Ice       #.......     32%         3    ####...

Your spell library contained the following spells:

 Spells                   Type           Power        Failure   Level  Hunger
 Throw Frost              Conj/Ice       #.....       16%         2    ###....
 Flame Tongue             Conj/Fire      #....        24%         1    ##.....
 Ignite Poison            Fire/Tmut/Pois #.......     56%         3    ####...
 Summon Ice Beast         Ice/Summ       #.......     71%         4    #####..
 Throw Icicle             Conj/Ice       #.......     71%         4    #####..


Dungeon Overview and Level Annotations

Branches:
Dungeon (4/15)
 Temple: D:4-7

Annotations:
D:2 Grinder


Innate Abilities, Weirdness & Mutations

You have an increased reservoir of magic. (+10% MP)


Message History

As you read the scroll labeled TOUN UTUUT, it crumbles to dust.
It was a scroll of blinking.
Unknown command.
There is a stone staircase leading up here.
As you read the scroll labeled BOWITE RIQAVEI, it crumbles to dust.
It is a scroll of amnesia.
Okay, then.
Unknown command.
Okay, then.
An ogre comes into view. It is wielding a +0 giant spiked club.
The ogre shouts!
Found a stone staircase leading down.
Found 9 gold pieces.
You barely miss the ogre.
The ogre hits you with a +0 giant spiked club!!
Ouch! That really hurt!
You are too injured to fight recklessly!
You hit the ogre but do no damage.
The ogre is poisoned.
The ogre hits you with a +0 giant spiked club!!
You die...

,,,,,,*
***,,,,,,,,,,,,**,,**
***,,** *#.........,***,,,*
***,* #.........,* **,,**
**,,,** #.........** **,,,
,,,,,,** #........$** **,,,
,,,,*,,* #.........,** *,,**
,*****,*##**
*.......,,,,***,,* **
**,,...#####O..#*****,,,,,**
*,,,,.......@.#* **,,,**
*,,,,###......## **,,*
**,**** ###.....#* **,***
****,,* #..#...#* *,,,,**
,**,,** #..##>..#*****,,,,,,
,,,,,* ##..#*#.....,,,,*****
,,,,,* ##...###...##,,,,*
*,.,,** ##..........#**,,,**
,,...,** ##...........#
**,,,* *


You could see an ogre.

Vanquished Creatures
  A worker ant (D:3)
  4 gnolls
  5 adders
  An ooze (D:2)
  4 dart slugs
  6 orcs
  4 bats
  2 giant cockroaches
  A goblin (D:1)
  6 hobgoblins
  9 jackals
  A quokka (D:3)
  3 ball pythons
  3 frilled lizards
  7 kobolds
  5 rats
62 creatures vanquished.

Notes
Turn   | Place    | Note
-------+----------+-------------------------------------------
     0 | D:1      | Banto the Demigod Wanderer began the quest for the Orb.
     0 | D:1      | Banto set off with the following items: a +0 dagger, a
                  | potion of lignification, a +0 robe, a ration; and the
                  | following spells available to memorise: Freeze, Flame
                  | Tongue, Throw Frost, Ozocubu's Armour, Ignite Poison,
                  | Summon Ice Beast, Throw Icicle
     0 | D:1      | Reached XP level 1. HP: 17/17 MP: 4/4
     2 | D:1      | Learned a level 1 spell: Freeze
   785 | D:1      | Reached skill level 1 in Dodging
  1130 | D:2      | Reached XP level 2. HP: 18/24 MP: 5/5
  1268 | D:2      | Found an ornate altar of the Wu Jian Council.
  1444 | D:2      | Found a bloodstained altar of Trog.
  1676 | D:2      | Reached XP level 3. HP: 29/29 MP: 4/6
  2176 | D:3      | Found a glowing golden altar of the Shining One.
  2273 | D:3      | Reached XP level 4. HP: 36/36 MP: 5/8
  2552 | D:3      | Noticed Grinder
  2707 | D:3      | Learned a level 3 spell: Ozocubu's Armour
  2948 | D:3      | Found a shattered altar of Ashenzari.
  3089 | D:3      | Found a basalt altar of Yredelemnul.
  3103 | D:3      | Reached XP level 5. HP: 31/41 MP: 9/9
  3169 | D:3      | Paralysed by Grinder for 7 turns
  3872 | D:3      | Found a sacrificial altar of Ru.
  3924 | D:4      | Noticed an ogre
  3929 | D:4      | Slain by an ogre

Skill      XL: |  1  2  3  4 |
---------------+-------------+-----
Ice Magic      | 2 3 |  3.8
Dodging        | 1 2 3 |  3.1
Fighting       | |  1.7
Crossbows      | |  2.6
Throwing       | |  1.0
Stealth        | |  1.0
Spellcasting   | |  1.0

Action                   |  1- 3 |  4- 6 || total
-------------------------+-------+-------++-------
Melee: Dagger            |    82 |    15 ||    97
       Rapier            |       |    40 ||    40
 Cast: Freeze            |    46 |    42 ||    88
       Ozocubu's Armour  |       |     1 ||     1
  Use: Scroll            |     3 |     6 ||     9
  Eat: Chunk             |     6 |     6 ||    12
Armor: Robe              |    18 |     4 ||    22
       Leather armour    |       |    19 ||    19
Dodge: Dodged            |    67 |    78 ||   145
